 Dungeon Crawl Stone Soup version 0.23-a0-261-g133332c (console) character file.

1838 nht the Slicer (level 9, 0/56 HPs)
             Began as an Octopode Enchanter on Sept 29, 2018.
             Was a Follower of Okawaru.
             Slain by a gnoll (3 damage)
             ... on level 7 of the Dungeon.
             The game lasted 00:11:52 (6505 turns).

nht the Slicer (Octopode Enchanter)                 Turns: 6505, Time: 00:11:54

Health: 0/56       AC:  1    Str:  7    XL:     9   Next: 11%
Magic:  12/12      EV:  7    Int: 15    God:    Okawaru [*.....]
Gold:   271        SH:  0    Dex: 16    Spells: 7/12 levels left

rFire    . . .     SeeInvis .   f - +1 dagger (venom)
rCold    . . .     Gourm    .   (no shield)
rNeg     . . .     Faith    .   (helmet restricted)
rPois    .         Spirit   .   (no amulet)
rElec    .         Reflect  .   r - ring of attention (curse)
rCorr    .         Harm     .   n - ring of wizardry
MR       .....                  (no ring)
Stlth    +.........             (no ring)
HPRegen  0.18/turn              (no ring)
MPRegen  0.13/turn              (no ring)
                                (no ring)
                                (no ring)

@: confused, held
A: almost no armour, stealthy swim, amphibious, 8 rings, constrict 8, antennae
1, camouflage 1, dopey 1, robust 1, gelatinous body 1
a: Heroism, Renounce Religion


You were on level 7 of the Dungeon.
You worshipped Okawaru.
Okawaru was aware of your devotion.
You were hungry.

You visited 1 branch of the dungeon, and saw 7 of its levels.

You collected 271 gold pieces.

Inventory:

Hand Weapons
 a - a +2 dagger
 f - a +1 dagger of venom (weapon)
Missiles
 b - 12 tomahawks (quivered)
 d - a throwing net
Jewellery
 n - a ring of wizardry (right tentacle)
 r - a cursed ring of attention (left tentacle)
 u - an uncursed ring of fire
Scrolls
 g - 4 scrolls of remove curse
 j - a scroll of enchant weapon
 s - a scroll of teleportation
Potions
 e - a potion of mutation
 h - a potion of lignification
 i - a potion of haste
 k - 2 potions of berserk rage
 l - a potion of brilliance
 m - 2 potions of curing
 o - a potion of resistance
 p - a potion of heal wounds
Comestibles
 c - 10 rations


   Skills:
 * Level 10.6 Short Blades
 - Level 2.0 Dodging
 - Level 4.0 Stealth
 - Level 2.0 Spellcasting
 + Level 5.1 Hexes


You had 7 spell levels left.
You knew the following spells:

 Your Spells              Type           Power        Failure   Level  Hunger
a - Confuse               Hex            ###.....     3%          3    ###....
b - Ensorcelled Hibernat  Hex/Ice        #.....       4%          2    ###....

Your spell library contained the following spells:

 Spells                   Type           Power        Failure   Level  Hunger
 Confusing Touch          Hex            ###...       1%          1    #......
 Corona                   Hex            ###....      1%          1    #......
 Tukima's Dance           Hex            ###.....     3%          3    ###....
 Animate Skeleton         Necr           N/A          9%          1    #......
 Apportation              Tloc           #.....       9%          1    #......
 Summon Small Mammal      Summ           #...         9%          1    #......
 Dazzling Spray           Conj/Hex       #.....       10%         3    ###....


Dungeon Overview and Level Annotations

Branches:
Dungeon (7/15)             Temple (0/1) D:6

Altars:
Ashenzari
Cheibriados
Hepliaklqana
Kikubaaqudgha
Nemelex Xobeh
Okawaru
Ru
Sif Muna
Wu Jian

Shops:
D:6 :   D:7 %


Innate Abilities, Weirdness & Mutations

You cannot wear most types of armour.
You are very stealthy in the water. (Stealth+)
You are amphibious.
You can wear up to eight rings at the same time.
You can use your tentacles to constrict eight enemies at once.
Your skin changes colour to match your surroundings (Stealth+).
Your rubbery body absorbs attacks. (AC +1, EV +1)
You have a pair of small antennae on your head.
You are dopey. (Int -2)
You are robust. (+10% HP)


Message History

Aiming: Ensorcelled Hibernation (safe; 4% risk of failure)
Press: ? - help, Shift-Dir - straight line, f - orc
Aim: an orc, wielding a trident (chance to defeat MR: 58%)
The orc looks drowsy...
The gnoll sergeant hits you from afar with a trident!
* * * LOW HITPOINT WARNING * * *
The orc shouts!
You hit the orc. Your grab misses the orc. You squeeze the orc.
You kill the orc!
The gnoll throws a throwing net.
The throwing net hits you.
You become entangled in the net!
You struggle against the net.
The gnoll sergeant completely misses you.
It was a potion of ambrosia.
You are confused.
You feel invigorated.
The gnoll sergeant hits you from afar with a trident!
* * * LOW HITPOINT WARNING * * *
The gnoll hits you.
You die... ....█ █...█ ...██ ██ ggg.

.. █og█████.█ █
█? █.g.......
█.█. █)████...█
█..███o██.█...███
█..@gg█........
█..████)█.█...█.
█.█. █.........█
.█ █
█....█.█.█.█.█
█.█ ███████....█
.. █. ██.█.█
..█... ████.█.█
....█
█....█.███.█.█
█............█


You could see a gnoll sergeant, a gnoll and an orc.

Vanquished Creatures
  Grinder (D:3)
  Sigmund (D:5)
  An orc warrior (D:4)
  A phantom (D:5)
  A necrophage (D:5)
  An ice beast (D:7)
  An ogre (D:7)
  A centaur (D:6)
  A bullfrog (D:6)
  2 scorpions
  2 howler monkeys (D:5)
  2 vampire bats (D:3)
  A crimson imp (D:3)
  2 orc priests
  A bullfrog skeleton (D:5)
  A gnoll shaman (D:4)
  2 orc wizards
  An iguana (D:4)
  Terence (D:2)
  3 worker ants
  A hound zombie (D:5)
  Robin (D:3)
  14 gnolls
  6 adders
  An ooze (D:2)
  2 worms
  A dart slug (D:2)
  15 orcs
  6 bat zombies (D:3)
  2 giant cockroaches
  18 goblins
  10 hobgoblins
  4 jackals
  7 kobolds
  A quokka (D:6)
  4 bats
  6 frilled lizards
  A giant cockroach zombie (D:5)
  A leopard gecko skeleton (D:4)
  A leopard gecko zombie (D:5)
  5 rats
134 creatures vanquished.

Notes
Turn   | Place    | Note
-------+----------+-------------------------------------------
     0 | D:1      | nht the Octopode Enchanter began the quest for the Orb.
     0 | D:1      | Reached XP level 1. HP: 11/11 MP: 3/3
   113 | D:1      | Gained mutation: You are robust. (+10% HP) [potion of
                  | mutation]
   113 | D:1      | Gained mutation: You are dopey. (Int -2) [potion of
                  | mutation]
   113 | D:1      | Gained mutation: You have a pair of small antennae on your
                  | head. [potion of mutation]
   174 | D:1      | Reached skill level 2 in Short Blades
   174 | D:1      | Reached XP level 2. HP: 8/18 MP: 5/5
   222 | D:1      | Learned a level 2 spell: Ensorcelled Hibernation
  1174 | D:2      | Reached XP level 3. HP: 23/23 MP: 6/6
  1189 | D:2      | Reached skill level 3 in Short Blades
  1516 | D:2      | Noticed Terence
  1545 | D:2      | Killed Terence
  1545 | D:2      | Reached XP level 4. HP: 6/29 MP: 1/7
  1642 | D:2      | Reached skill level 4 in Short Blades
  1897 | D:3      | Noticed Robin
  2013 | D:3      | Reached skill level 5 in Short Blades
  2013 | D:3      | Reached XP level 5. HP: 9/34 MP: 8/8
  2377 | D:3      | Noticed Grinder
  2378 | D:3      | Paralysed by Grinder for 4 turns
  2393 | D:3      | Paralysed by Grinder for 3 turns
  2404 | D:3      | Paralysed by Grinder for 5 turns
  2409 | D:3      | Killed Grinder
  2409 | D:3      | Reached skill level 6 in Short Blades
  2409 | D:3      | Reached XP level 6. HP: 12/39 MP: 9/9
  2737 | D:3      | Learned a level 3 spell: Confuse
  2775 | D:3      | Found an ancient bone altar of Kikubaaqudgha.
  2791 | D:3      | Reached skill level 7 in Short Blades
  2791 | D:3      | Reached XP level 7. HP: 27/45 MP: 10/10
  3135 | D:3      | Found a snail-covered altar of Cheibriados.
  3205 | D:3      | Killed Robin
  3369 | D:4      | Found an iron altar of Okawaru.
  4053 | D:4      | Reached skill level 8 in Short Blades
  4145 | D:4      | Found a sparkling altar of Nemelex Xobeh.
  4643 | D:4      | Became a worshipper of Warmaster Okawaru
  4654 | D:5      | Entered Level 5 of the Dungeon
  4715 | D:5      | Reached XP level 8. HP: 50/50 MP: 11/11
  4962 | D:5      | Reached skill level 9 in Short Blades
  5616 | D:5      | Noticed Sigmund
  5618 | D:5      | Killed Sigmund
  5669 | D:5      | Found a sparkling altar of Nemelex Xobeh.
  5798 | D:5      | Reached * piety under Okawaru
  5814 | D:5      | Found an ornate altar of the Wu Jian Council.
  5858 | D:5      | Reached skill level 10 in Short Blades
  5881 | D:5      | Found a shattered altar of Ashenzari.
  5895 | D:5      | Found a deep blue altar of Sif Muna.
  5998 | D:6      | Found a staircase to the Ecumenical Temple.
  6179 | D:6      | Found Cammel's Book Shoppe.
  6191 | D:5      | Found a hazy altar of Hepliaklqana.
  6191 | D:5      | Found a sacrificial altar of Ru.
  6433 | D:7      | Found Laxuboh's Food Shop.
  6447 | D:7      | Reached XP level 9. HP: 55/56 MP: 9/12
  6463 | D:7      | Reached skill level 5 in Hexes
  6505 | D:7      | Slain by a gnoll

Vault maps used:
D:1:      eino_arrival_cavern_a
D:2:      uniq_terence
D:3:      kennysheep_vampire_church, marbit_many_paths, uniq_robin, uniq_grinder
D:4:      okawaru_altar_gauntlet_db, lemuel_doored_altar, first_ration,
          kennysheep_generic_room_16
D:5:      nicolae_overflow_hidden_temple, lemuel_crystal_altar,
          nemelex_xobeh_ov_fountains_minmay, uniq_sigmund
D:6:      temple_pool_b, serial_shops, shop
D:7:      serial_shops, shop, biasface_ghost_orc_armoury, grunt_ogre_cave

Skill      XL: |  1  2  3  4  5  6  7  8  9 |
---------------+----------------------------+-----
Short Blades   | 2 3 5 6 7 8 10 | 10.6
Hexes          | 4 5 |  5.1
Dodging        | |  2.0
Stealth        | |  4.0
Spellcasting   | |  2.0

Action                   |  1- 3 |  4- 6 |  7- 9 || total
-------------------------+-------+-------+-------++-------
Melee: Dagger            |    63 |    72 |   205 ||   340
       Constrict         |    19 |    15 |    38 ||    72
       Tentacles         |     7 |     9 |    40 ||    56
Throw: Tomahawk          |       |     5 |     1 ||     6
 Cast: Corona            |     1 |       |       ||     1
       Ensorcelled Hiber |     2 |    10 |    67 ||    79
  Use: Scroll            |     4 |     3 |     8 ||    15
       Potion            |     1 |     1 |     1 ||     3
 Stab: Sleeping          |     5 |    10 |    40 ||    55
  Eat: Chunk             |     2 |     4 |    17 ||    23
Armor: Skin              |     7 |    19 |    10 ||    36
Dodge: Dodged            |    52 |    49 |   150 ||   251

Table legend:
 A = Non-vault XP
 B = Vault XP
 C = Vault XP percentage of total XP
 D = Non-vault monster count
 E = Vault monster count
 F = Vault count percentage of total count
                 A         B        C        D         E       F
            +---------+---------+-------+---------+---------+-------
      Total |    1751 |     875 |  33.3 |     100 |      34 |  25.4
            +---------+---------+-------+---------+---------+-------
        D:1 |      18 |       0 |   0.0 |      12 |       0 |   0.0
        D:2 |     106 |      38 |  26.4 |      22 |       2 |   8.3
        D:3 |     189 |     423 |  69.1 |      16 |      22 |  57.9
        D:4 |     209 |     183 |  46.7 |      15 |       9 |  37.5
        D:5 |     635 |     231 |  26.7 |      21 |       1 |   4.5
        D:6 |     300 |       0 |   0.0 |       7 |       0 |   0.0
        D:7 |     294 |       0 |   0.0 |       7 |       0 |   0.0
            +---------+---------+-------+---------+---------+-------
